 Dungeon Crawl Stone Soup version 0.32-a0-871-ge202e49faa (webtiles) character file.

Game seed: 1694046813303958876

137 bmack86 the Chopper (level 5, -1/45 HPs)
             Began as a Minotaur Fighter on Mar 30, 2024.
             Slain by an iguana (4 damage)
             ... on level 4 of the Dungeon.
             The game lasted 00:04:32 (2339 turns).

bmack86 the Chopper (Minotaur Fighter)              Turns: 2339, Time: 00:04:32

Health: -1/45      AC:  6    Str: 28    XL:     5   Next: 0%
Magic:  4/4        EV:  8    Int:  5    God:
Gold:   101        SH:  9    Dex: 10    Spells: 4/4 levels left

rFire   . . .        a - +0 war axe
rCold   . . .        c - +0 buckler
rNeg    . . .        b - +0 scale mail
rPois   .            (helmet restricted)
rElec   .            (no cloak)
rCorr   .            (no gloves)
SInv    .            (no boots)
Will    .....        k - amulet of reflection Stlth
                     f - +6 ring of strength
HPRegen 0.27/turn    (no ring)
MPRegen 0.09/turn

%: reflection
@: mighty
A: horns 2, retaliatory headbutt
a: no special abilities


You were on level 4 of the Dungeon.
You visited 1 branch of the dungeon, and saw 4 of its levels.

You collected 101 gold pieces.

Inventory:

Hand Weapons
 a - a +0 war axe (weapon)
 j - a +0 war axe
Armour
 b - a +0 scale mail (worn)
 c - a +0 buckler (worn)
Jewellery
 f - a +6 ring of strength (left hand)
 k - an amulet of reflection (around neck)
Scrolls
 o - 2 scrolls of enchant armour {unknown}
 q - a scroll of enchant weapon {unknown}
 r - a scroll of amnesia {unknown}
 s - a scroll of acquirement {unknown}
 u - 3 scrolls of blinking
 v - 2 scrolls of fear {unknown}
 w - a scroll of noise {unknown}
 y - a scroll of revelation {unknown}
 A - a scroll of vulnerability {unknown}
Potions
 d - a potion of might
 e - 2 potions of enlightenment {unknown}
 g - a potion of curing {unknown}
 h - a potion of heal wounds {unknown}
 i - a potion of cancellation {unknown}
 l - a potion of brilliance {unknown}
 m - 2 potions of lignification {unknown}
 n - a potion of haste {unknown}
 p - 2 potions of degeneration {unknown}
 t - a potion of magic {unknown}
 x - 2 potions of attraction {unknown}
 z - 2 potions of mutation {unknown}


   Skills:
 - Level 3.6 Fighting
 + Level 5.3 Axes
 - Level 3.6 Armour
 - Level 5.0 Shields


You had 4 spell levels left.
You didn't know any spells.
Your spell library contained the following spells:

 Spells                   Type           Power      Damage    Failure   Level
 Ensorcelled Hibernation  Hex/Ice        0%         N/A       89%         2
 Passwall                 Erth           0%         N/A       98%         3
 Swiftness                Air            0%         N/A       98%         3


Dungeon Overview and Level Annotations

Branches:
Dungeon (4/15)
 Temple: D:4-7

Altars:

Shops:
D:1 (   D:2 (


Innate Abilities, Weirdness & Mutations

You have a pair of horns on your head.
You reflexively headbutt those who attack you in melee.


Message History

An iguana comes into view.
You block the gnoll's attack. The gnoll barely misses you.
You slash the gnoll!
The gnoll is almost dead.
The gnoll misses you. The gnoll barely misses you.
The gnoll hits you with a +0 spear.
The gnoll hits you from afar with a +1 halberd of protection.
You slash the gnoll!
You kill the gnoll!
The gnoll hits you but does no damage. The gnoll closely misses you.
You block the gnoll's attack. x2
Things that are here:
a +0 spear; a gnoll corpse You hit the gnoll.
The gnoll is moderately wounded.
You barely miss the gnoll. The gnoll barely misses you.
You furiously retaliate!
You headbutt the gnoll.
The gnoll hits you with a +1 halberd of protection.
The gnoll hits you but does no damage.
You hit the gnoll but do no damage.
The gnoll is heavily wounded.
You barely miss the iguana. You hit the gnoll. The iguana closely misses you.
The gnoll hits you with a +1 halberd of protection.
The gnoll barely misses you. The iguana bites you!
* * * LOW HITPOINT WARNING * * *
You slash the gnoll!
You kill the gnoll!
You hit the iguana. You hit the gnoll. You block the gnoll's attack.
The iguana bites you but does no damage.
You block the gnoll's attack.
You have reached level 5!
You feel very mighty all of a sudden.
The iguana bites you but does no damage.
The gnoll bouda hits you but does no damage.
The gnoll hits you with a +1 halberd of protection!
* * * LOW HITPOINT WARNING * * *
You slash the gnoll bouda!
The gnoll bouda is severely wounded.
You slash the iguana! You completely miss the gnoll. The iguana bites you.
You die...

####. #. ≈≈≈≈. #..
≈≈≈≈.. #..≈ ≈≈≈≈..
#...## #####≈≈≈..#
#.#...##≈≈≈≈≈≈..##
.......≈≈≈≈l......
...>......@g......
#.#####.###g#.....
#.#####.###.# ...
#...........+ .
#############.#####..
.......<†............
#######†#####.######.
..............#
#######.#######


You could see a gnoll bouda, an iguana and a gnoll (swift).

Vanquished Creatures
  2 gnolls (D:4)
  4 adders
  A shadow imp (D:3)
  A dart slug (D:3)
  A ribbon worm (D:2)
  5 ball pythons
  6 endoplasms
  2 giant cockroaches
  3 goblins
  9 hobgoblins
  11 jackals
  A kobold (D:3)
  3 quokkas (D:2)
  7 bats
  3 frilled lizards
  3 rats (D:2)
62 creatures vanquished.

Notes
Turn   | Place    | Note
-------+----------+-------------------------------------------
     0 | D:1      | bmack86 the Minotaur Fighter began the quest for the Orb.
     0 | D:1      | Reached XP level 1. HP: 19/19 MP: 0/0
   324 | D:1      | Found Itosaobly's Antique Weapon Shoppe.
   414 | D:1      | Reached XP level 2. HP: 26/26 MP: 1/1
  1308 | D:2      | Reached XP level 3. HP: 28/31 MP: 2/2
  1348 | D:2      | Reached skill level 5 in Shields
  1565 | D:2      | Reached XP level 4. HP: 37/39 MP: 3/3
  1706 | D:2      | Found Unarirph Anwo's Weapon Shop.
  2318 | D:4      | Reached skill level 5 in Axes
  2338 | D:4      | Reached XP level 5. HP: 9/45 MP: 4/4
  2339 | D:4      | Slain by an iguana

Illustrated notes

Levels and vault maps discovered:
D:1:      denvon_arrival_planthouse, layout_loops_corners, serial_shops,
          nicolae_shop_back_alley_shop, serial_co_window_serial,
          co_window_corner_a, co_window_paths_a, co_window_paths_a,
          co_window_paths_a, co_window_corner_a, co_window_corner_a,
          co_window_unsneaky_path_c, co_window_broadway_a, co_window_broadway_c,
          co_window_paths_d
D:2:      minmay_recursive_quarters, layout_rooms, serial_shops,
          nicolae_shop_bloodbath_and_beyond
D:3:      layout_rooms, corexii_item_surrounded_by_moat,
          nicolae_elevator_lobby_plus
D:4:      layout_basic, grunt_decor_junction

Skill      XL: |  1  2  3  4 |
---------------+-------------+-----
Shields        | 4 5 |  5.0
Axes           | 3 4 5 |  5.3
Fighting       | |  3.6
Armour         | |  3.6

Action                     |  1- 3 |  4- 6 || total
---------------------------+-------+-------++-------
  Melee: War axe           |   102 |    52 ||   154
         Headbutt          |     7 |     4 ||    11
    Use: Scroll            |       |     1 ||     1
         Potion            |       |     1 ||     1
 Armour: Scale mail        |   115 |    37 ||   152
  Dodge: Dodged            |    65 |    24 ||    89
  Block: Buckler           |    48 |    33 ||    81
         Reflection        |     1 |     1 ||     2

Table legend: (Time is in decaauts)
 A = Elapsed time spent in this place.
 B = Non-inter-level travel time spent in this place.
 C = Inter-level travel time spent in this place.
 D = Time resting spent in this place.
 E = Time spent auto-exploring this place.
 F = Levels seen in this place.
 G = Mean time per level.
                   A        B        C        D        E       F      G
               +--------+--------+--------+--------+--------+-----+--------+
         Total |   2390 |   2313 |     77 |      0 |   1691 |   4 |  597.5 |
       Dungeon |   2390 |   2313 |     77 |      0 |   1691 |   4 |  597.5 |
               +--------+--------+--------+--------+--------+-----+--------+

Top non-repeatable levels by time:
     D:1: 1175 daAuts
     D:2: 619 daAuts
     D:3: 569 daAuts
     D:4: 27 daAuts
